 Dungeon Crawl Stone Soup version 0.19-a0-36-g4a0968a (webtiles) character file.

23277 AlphabetPasta the Thaumaturge (level 12, -7/50 HPs)
             Began as a Felid Fire Elementalist on May 2, 2016.
             Was a High Priest of Vehumet.
             Mangled by an eight-headed hydra (9 damage)
             ... on level 4 of the Lair of Beasts on May 3, 2016.
             The game lasted 02:04:09 (21416 turns).

AlphabetPasta the Thaumaturge (FeFE)               Turns: 21416, Time: 02:04:10

Health: -7/50      AC:  6    Str:  4    XL:     12   Next: 70%
Magic:  10/28      EV: 22    Int: 27    God:    Vehumet [*****.]
Gold:   1062       SH:  0    Dex: 19    Spells: 11 memorised, 8 levels left
                                        Lives:  0   Deaths: 3

rFire  . . .     SeeInvis +       - Unarmed
rCold  + . .     Gourm    .     (armour unavailable)
rNeg   . . .     Faith    .     (shield unavailable)
rPois  .         Spirit   .     (helmet unavailable)
rElec  .         Dismiss  .     (cloak unavailable)
rCorr  .         Reflect  .     (gloves unavailable)
SustAt .         Harm     .     (boots unavailable)
MR     +....                    (no amulet)
Stlth  +++++.....               y - +6 ring of intelligence
                                H - ring "Uxzan Zixo" {AC+3 Dex+2}

@: slowed, slow, somewhat resistant to hostile enchantments, quite stealthy
A: no armour, no weapons or thrown items, claws 1, fangs 3, see invisible,
carnivore 3, speed 1, shaggy fur 3, slow metabolism 1, sharp paws
a: Renounce Religion


You were on level 4 of the Lair of Beasts.
You worshipped Vehumet.
Vehumet was extremely pleased with you.
You were completely stuffed.

You visited 2 branches of the dungeon, and saw 16 of its levels.
You also visited: Labyrinth.

You collected 1062 gold pieces.

Inventory:

Jewellery
 e - an uncursed ring of flight
 t - an uncursed ring of protection from fire
 x - an uncursed ring of protection from cold
 y - a +6 ring of intelligence (right paw)
 F - an uncursed ring of protection from magic
 H - the ring "Uxzan Zixo" (left paw) {AC+3 Dex+2}
   (You found it in a labyrinth)

   [ring of protection]

   It affects your AC (+3).
   It affects your dexterity (+2).
Wands
 a - a wand of lightning (9/15)
 h - a wand of flame (15/48)
 m - a wand of digging (22/24)
 v - a wand of disintegration (15/24)
 B - a wand of acid (1/15)
 G - a wand of confusion (28/48)
 J - a wand of disintegration (19/24)
Scrolls
 d - a scroll of magic mapping
 l - 3 scrolls of amnesia
 r - 3 scrolls of fog
 u - 3 scrolls of fear
 z - 3 scrolls of recharging
 C - a scroll of identify
 E - a scroll of teleportation
Potions
 c - a potion of magic
 g - 4 potions of flight
 i - a potion of ambrosia
 j - 2 potions of haste
 k - a potion of agility
 n - 2 potions of cancellation
 o - 2 potions of resistance
 s - a potion of curing
 A - 5 potions of invisibility
Books
 D - a book of Minor Magic

   Spells                             Type                      Level
   a - Magic Dart                     Conjuration                  1
   b - Blink                          Translocation                2
   c - Call Imp                       Summoning                    2
   d - Repel Missiles                 Charms/Air                   2
   e - Slow                           Hexes                        2
   f - Conjure Flame                  Conjuration/Fire             3
   g - Mephitic Cloud                 Conjuration/Poison/Air       3
Comestibles
 b - 7 meat rations
 f - 5 beef jerkies
 p - 17 royal jellies
 q - a chunk of flesh
 w - a slice of pizza


   Skills:
 - Level 4.4 Fighting
 - Level 6.0 Dodging
 - Level 6.5 Stealth
 + Level 3.9 Unarmed Combat
 * Level 11.4 Spellcasting
 * Level 11.3 Conjurations
 - Level 2.0 Translocations
 + Level 9.1 Fire Magic
 + Level 6.9 Ice Magic
 - Level 3.0 Evocations


You had 8 spell levels left.
You knew the following spells:

 Your Spells              Type           Power        Failure   Level  Hunger
a - Flame Tongue          Conj/Fire      #####        1%          1    None
b - Throw Flame           Conj/Fire      ######       1%          2    None
c - Conjure Flame         Conj/Fire      ######..     1%          3    None
d - Freeze                Ice            ####         1%          1    None
e - Sticky Flame          Conj/Fire      ######..     1%          4    None
f - Magic Dart            Conj           ####         1%          1    None
g - Mephitic Cloud        Conj/Pois/Air  #####...     1%          3    None
h - Fireball              Conj/Fire      ######....   1%          5    ###....
i - Delayed Fireball      Conj/Fire      N/A          16%         7    ######.
j - Apportation           Tloc           ####......   1%          1    None
k - Blink                 Tloc           N/A          2%          2    None


Dungeon Overview and Level Annotations

Branches:
Dungeon (12/15)            Temple (0/1) D:6            Lair (4/8) D:11
  Swamp (0/4) Lair:3          Orc (0/2) D:12
  Snake: Lair:3-6    Spider: Lair:3-6

Altars:
Dithmenos
Fedhas
Gozag
Kikubaaqudgha
Okawaru
Pakellas
Qazlal
Ru
Sif Muna
Trog
Vehumet
Xom
Yredelemnul
The Shining One

Shops:
D:7 (   D:11 [

Annotations:
D:5 Guenter's ghost, amateur DsGl
D:6 1 runed door


Innate Abilities, Weirdness & Mutations

You cannot wear armour.
You are incapable of wielding weapons or throwing items.
You have sharp claws.
You have razor-sharp teeth.
You have supernaturally acute eyesight.
You are carnivorous and can eat meat at any time.
You cover ground quickly.
Your thick and shaggy fur keeps you warm (AC +3, rC+).
You have a slow metabolism.
Your sharp claws are effective at attacking unaware monsters.


Message History

Aiming: Sticky Flame
Press: ? - help, Shift-Dir - straight line, f/p - eight-headed hydra
Aim: an eight-headed hydra (severely wounded)
The sticky flame hits the eight-headed hydra.
The eight-headed hydra is severely wounded.
The eight-headed hydra is covered in liquid flames!
The eight-headed hydra burns!
The eight-headed hydra completely misses you.
The eight-headed hydra bites you. The eight-headed hydra bites you!
The eight-headed hydra bites you but does no damage.
The eight-headed hydra bites you!
The eight-headed hydra barely misses you.
The eight-headed hydra bites you!
* * * LOW HITPOINT WARNING * * *
The eight-headed hydra bites you but does no damage.
The eight-headed hydra closely misses you.
The eight-headed hydra bites you!
* * * LOW HITPOINT WARNING * * *
The eight-headed hydra bites you!
You die...

............................#
............................#
......[.....................#
..................#..##.#...##
................#.######.....#
#...............###.)..##...P#
##...##...#.#.###'?).# #..###
##..###...######D# #..#
##..##.P...####.@## #.##
.............#....# ##.##
..................######P..#
...................##.....##
.###.#.#...###.....##....##
#.#######...###....#P...## ###
####...###........## ##
#.............#...## .##
##...PP.......#P...####


You could see an eight-headed hydra (burning).

Vanquished Creatures
  A minotaur (Lab)
  6 hydras
  Erica (D:11)
  5 skeletal warriors
  2 unseen horrors
  A hill giant (D:11)
  2 ugly things (D:12)
  A deep elf mage (D:6)
  3 slime creatures (D:12)
  2 centaur zombies
  A manticore (D:11)
  A black mamba (Lair:1)
  2 centaur skeletons
  Maurice (D:11)
  7 spiny frogs
  2 gargoyles (D:12)
  2 torpor snails (Lair:3)
  2 komodo dragons
  2 queen bees
  5 blink frogs (Lair:3)
  A spriggan (Lair:3)
  A wraith (D:12)
  A wyvern (D:9)
  2 vampires (D:10)
  4 yaks (Lair:1)
  2 basilisks (Lair:3)
  3 hippogriffs
  5 vampire mosquitoes
  3 hungry ghosts
  A mottled dragon (D:11)
  2 soldier ants (D:6)
  6 water moccasins
  6 porcupines
  2 orc warriors
  2 ice beasts
  5 sky beasts
  An eye of draining (D:10)
  4 phantoms
  2 black bears (D:6)
  4 wolves (Lair:1)
  6 centaurs
  3 ogres
  8 crocodiles
  2 big kobolds
  A wyvern zombie (D:10)
  An earth elemental (Lab)
  18 giant frogs
  3 scorpions
  43 killer bees
  5 electric eels
  7 crimson imps
  A giant frog zombie (D:7)
  4 orc priests
  6 hounds
  A giant frog skeleton (D:6)
  7 orc wizards
  3 iguanas
  18 worker ants
  7 sheep (Lair:3)
  A killer bee zombie (D:9)
  2 hound skeletons
  A hound zombie (D:5)
  2 howler monkey zombies
  6 adders
  40 river rats
  2 shadow imps (D:12)
  2 adder skeletons
  2 worms (D:3)
  3 dart slugs
  9 giant geckos
  32 orcs
  10 giant cockroaches
  6 hobgoblins
  11 jackals
  22 kobolds
  7 quokkas
  2 ball pythons
  3 bats
  A giant gecko skeleton (D:3)
  2 giant newts
  6 goblins
  A jackal skeleton (D:5)
  A quokka skeleton (D:6)
  4 rats
  A plant (D:11)
429 creatures vanquished.

Vanquished Creatures (others)
  A wizard (D:8)
  6 fungi
  A plant (D:11)
8 creatures vanquished.

Grand Total: 437 creatures vanquished

Notes
Turn   | Place    | Note
--------------------------------------------------------------
     0 | D:1      | AlphabetPasta the Felid Fire Elementalist began the quest for the Orb.
     0 | D:1      | Reached XP level 1. HP: 7/7 MP: 4/4
   124 | D:1      | Reached skill level 1 in Conjurations
   345 | D:1      | Reached XP level 2. HP: 10/11 MP: 4/6
   357 | D:1      | Learned a level 2 spell: Throw Flame
  1092 | D:2      | Reached XP level 3. HP: 14/14 MP: 2/7
  1101 | D:2      | Learned a level 3 spell: Conjure Flame
  2020 | D:3      | Found an oddly glowing altar of Pakellas.
  2103 | D:3      | Reached XP level 4. HP: 18/18 MP: 5/8
  2140 | D:3      | Found a radiant altar of Vehumet.
  2148 | D:3      | Became a worshipper of Vehumet
  2799 | D:4      | Reached skill level 1 in Fighting
  2968 | D:4      | Reached * piety under Vehumet
  2968 | D:4      | Offered knowledge of Freeze by Vehumet.
  2971 | D:4      | Learned a level 1 spell: Freeze
  3162 | D:4      | Reached XP level 5. HP: 14/22 MP: 0/10
  3285 | D:4      | Found an ancient bone altar of Kikubaaqudgha.
  3355 | D:4      | Reached skill level 1 in Unarmed Combat
  3493 | D:5      | Entered Level 5 of the Dungeon
  3504 | D:5      | Noticed Guenter's ghost (amateur DsGl)
  3572 | D:5      | Noticed a sky beast
  3575 | D:5      | Noticed an ogre
  3587 | D:4      | Killed a sky beast
  3587 | D:4      | Reached skill level 1 in Evocations
  3587 | D:4      | Gained mutation: You are covered in thick fur (AC +2). [Felid growth]
  3587 | D:4      | Reached XP level 6. HP: 14/25 MP: 6/12
  3593 | D:4      | Learned a level 4 spell: Sticky Flame
  3723 | D:5      | Slain by an ogre
  3724 | D:5      | Reached XP level 5. HP: 0/22 MP: 10/11
  3757 | D:5      | Killed an ogre
  3874 | D:4      | Reached XP level 6. HP: 18/25 MP: 7/12
  3988 | D:5      | Upgraded the game from 0.19-a0-34-g6972264 to 0.19-a0-35-g3484356
  4411 | D:5      | Found a deep blue altar of Sif Muna.
  4741 | D:6      | Learned a level 4 spell: Sticky Flame
  4839 | D:6      | Reached XP level 7. HP: 20/28 MP: 7/14
  5133 | D:6      | Reached skill level 1 in Ice Magic
  5269 | D:6      | Offered knowledge of Magic Dart by Vehumet.
  5412 | D:6      | Reached ** piety under Vehumet
  5494 | D:6      | Reached XP level 8. HP: 22/32 MP: 9/16
  5502 | D:6      | Learned a level 1 spell: Magic Dart
  5726 | D:6      | Noticed a deep elf mage
  5738 | D:6      | Noticed a jumping spider
  5739 | D:6      | Killed a deep elf mage
  5739 | D:6      | Reached skill level 5 in Spellcasting
  5739 | D:6      | Reached skill level 5 in Conjurations
  5739 | D:6      | Reached skill level 5 in Fire Magic
  6007 | D:6      | Found a runed door.
  6039 | D:6      | Found a runed door.
  6191 | D:6      | Found a staircase to the Ecumenical Temple.
  7105 | D:6      | Reached XP level 9. HP: 35/35 MP: 4/19
  7470 | D:7      | Found Jeotomom's Weapon Boutique.
  7967 | D:7      | Offered knowledge of Throw Frost by Vehumet.
  8262 | D:8      | Found a glowing golden altar of the Shining One.
  8407 | D:8      | Found an iron altar of Okawaru.
  8408 | D:8      | Found an opulent altar of Gozag.
  8409 | D:8      | Found a basalt altar of Yredelemnul.
  8409 | D:8      | Found an oddly glowing altar of Pakellas.
  8409 | D:8      | Found a sacrificial altar of Ru.
  8412 | D:8      | Found a shimmering altar of Xom.
  8414 | D:8      | Found a shadowy altar of Dithmenos.
  8536 | D:8      | Found a bloodstained altar of Trog.
  8996 | D:8      | Reached *** piety under Vehumet
  9137 | D:8      | Noticed a wizard
  9141 | D:8      | Killed a wizard
  9480 | D:9      | Offered knowledge of Mephitic Cloud by Vehumet.
  9614 | D:9      | Noticed a queen bee
  9669 | D:9      | Killed a queen bee
  9694 | D:9      | Reached XP level 10. HP: 29/40 MP: 8/21
 10272 | D:9      | Found a blossoming altar of Fedhas.
 10274 | D:9      | Found a stormy altar of Qazlal.
 10735 | D:10     | Entered Level 10 of the Dungeon
 10803 | D:10     | Reached skill level 5 in Stealth
 11099 | D:10     | Learned a level 3 spell: Mephitic Cloud
 11113 | D:10     | Identified a scroll of acquirement
 11437 | D:10     | Reached **** piety under Vehumet
 11877 | D:10     | Reached skill level 5 in Dodging
 11983 | D:11     | Noticed Maurice
 11993 | D:11     | Killed Maurice
 12080 | D:11     | Noticed a skeletal warrior
 12119 | D:11     | Noticed a skeletal warrior
 12120 | D:11     | Noticed a skeletal warrior
 12135 | D:10     | Killed a skeletal warrior
 12290 | D:11     | Noticed Erica
 12306 | D:11     | Killed Erica
 12306 | D:11     | Reached XP level 11. HP: 22/44 MP: 9/24
 12314 | D:11     | Noticed a skeletal warrior
 12562 | D:11     | Found a staircase to the Lair.
 12576 | D:11     | Killed a skeletal warrior
 12576 | D:11     | Offered knowledge of Airstrike by Vehumet.
 12576 | D:11     | Reached skill level 5 in Ice Magic
 12801 | D:11     | Killed a skeletal warrior
 12802 | D:11     | HP: 2/45 [skeletal warrior/dire flail[a skeletal warrior] (26)]
 12808 | D:11     | Noticed a skeletal warrior
 12812 | D:11     | Slain by a skeletal warrior
 12813 | D:11     | Reached XP level 10. HP: 0/42 MP: 20/23
 12860 | D:11     | Killed a skeletal warrior
 12890 | D:11     | Killed a skeletal warrior
 13013 | D:11     | Learned a level 5 spell: Fireball
 13017 | D:11     | Noticed a hill giant
 13021 | D:11     | Noticed a manticore
 13022 | D:11     | Killed a hill giant
 13028 | D:11     | Killed a manticore
 13144 | D:11     | Found Zeqero's Antique Armour Shoppe.
 13363 | D:11     | Noticed an unseen horror
 13368 | D:11     | Killed an unseen horror
 13368 | D:11     | Reached XP level 11. HP: 33/46 MP: 19/25
 13753 | D:12     | Slain by a slime creature
 13754 | D:12     | Reached XP level 10. HP: -2/43 MP: 12/24
 13938 | D:12     | Noticed a purple ugly thing
 13947 | D:12     | Killed a purple ugly thing
 14082 | D:12     | Found a staircase to the Orcish Mines.
 14208 | D:12     | HP: 2/43 [wraith (5)]
 14649 | D:12     | Noticed a white ugly thing
 14656 | D:12     | Killed a white ugly thing
 14785 | D:12     | Noticed an unseen horror
 14817 | D:12     | Killed an unseen horror
 14928 | D:12     | Noticed a gargoyle
 14931 | D:12     | Killed a gargoyle
 15076 | Lair:1   | Entered Level 1 of the Lair of Beasts
 15159 | Lair:1   | Reached skill level 10 in Spellcasting
 15159 | Lair:1   | Reached XP level 11. HP: 44/46 MP: 19/26
 15189 | Lair:1   | Reached ***** piety under Vehumet
 15309 | Lair:1   | Offered knowledge of Delayed Fireball by Vehumet.
 15318 | Lair:1   | Learned a level 7 spell: Delayed Fireball
 16152 | Lair:1   | Noticed a five-headed hydra
 16156 | Lair:1   | Killed a five-headed hydra
 16156 | Lair:1   | Reached skill level 10 in Conjurations
 16244 | Lair:1   | Learned a level 1 spell: Apportation
 16781 | Lair:2   | Found a labyrinth entrance.
 16790 | Lab      | Entered a labyrinth
 17204 | Lab      | Noticed a minotaur
 17232 | Lab      | Killed a minotaur
 17255 | Lab      | Got a fine jade ring
 17256 | Lab      | Got a scorched great sword
 17260 | Lab      | Learned a level 2 spell: Blink
 17267 | Lair:2   | Identified the ring "Uxzan Zixo" {AC+3 Dex+2} (You found it in a labyrinth)
 17288 | Lair:2   | Noticed a five-headed hydra
 17340 | Lair:2   | Killed a five-headed hydra
 17344 | Lair:2   | Noticed a four-headed hydra
 17476 | Lair:2   | Killed a four-headed hydra
 17697 | Lair:2   | Noticed an eight-headed hydra
 17700 | Lair:2   | Killed an eight-headed hydra
 18268 | Lair:2   | Reached skill level 1 in Translocations
 18420 | Lair:3   | Gained mutation: Your thick and shaggy fur keeps you warm (AC +3, rC+). [Felid growth]
 18420 | Lair:3   | Reached XP level 12. HP: 50/50 MP: 27/27
 19203 | Lair:3   | Found a staircase to the Swamp.
 19695 | Lair:3   | Upgraded the game from 0.19-a0-35-g3484356 to 0.19-a0-36-g4a0968a
 19713 | Lair:4   | Noticed an eight-headed hydra
 19721 | Lair:4   | Killed an eight-headed hydra
 19729 | Lair:4   | Noticed a four-headed hydra
 19731 | Lair:4   | Killed a four-headed hydra
 21208 | Lair:4   | Offered knowledge of Force Lance by Vehumet.
 21404 | Lair:4   | Found a runed door.
 21411 | Lair:4   | Noticed an eight-headed hydra
 21416 | Lair:4   | HP: 2/50 [eight-headed hydra (12)]
 21416 | Lair:4   | Mangled by an eight-headed hydra

Vault maps used:
D:1:      tarquinn_simple_flora_water_e
D:2:      kennysheep_generic_room_12
D:3:      old_standard_altar, serial_glass, glass_columns_b, glass_columns_b,
          grunt_ministairs_13, st_stairs_3, grunt_pakellas_basics
D:4:      nicolae_overflow_crystal_walls, first_bread
D:5:      kennysheep_mini_moat
D:6:      lemuel_insect_pit, minmay_temple_entry_poolview,
          serial_park_tiny_pond, guppyfry_early_elven_hall
D:7:      serial_shops, nicolae_shop_behind_doors
D:8:      minitemple, trog_wizard
D:9:      grunt_temple_overflow_forces_of_nature, david_nohive_1
D:11:     dpeg_oklobed_lair, serial_shops, nicolae_shop_trees,
          serial_corexii_hall, corexii_hall_statues_l, corexii_hall_statues_i,
          uniq_erica, uniq_maurice
D:12:     david_orc_3, due_unseen_surprise
Lair:2:   lab_entry_generic, grunt_megastairs_5
Lair:3:   minmay_swamp_entry_swarm, serial_bayou, serial_bayou_ford_a,
          serial_bayou_shore_a, serial_bayou_lagoon_a, serial_bayou_pond_b,
          grunt_forest_large_clearing_hut
Lair:4:   special_room, pf_torpor_hydra
Lab:      labyrinth_green, nicolae_lab_hexagon

Skill      XL: |  1  2  3  4  5  6  7  8  9 10 11 12 |
---------------+-------------------------------------+-----
Conjurations   | 1 2 3 4 5 7 9 10 11 | 11.3
Fire Magic     | 3 4 5 6 8 9 |  9.1
Dodging        | 3 4 5 6 |  6.0
Stealth        | 3 4 5 6 |  6.5
Fighting       | 1 2 4 3 |  4.4
Spellcasting   | 3 4 6 7 10 11 | 11.4
Unarmed Combat | 1 2 3 |  3.9
Evocations     | 1 3 |  3.0
Ice Magic      | 1 2 3 6 5 |  6.9
Translocations | 1 2 |  2.0

Action                   |  1- 3 |  4- 6 |  7- 9 | 10-12 || total
-------------------------+-------+-------+-------+-------++-------
Melee: Unarmed           |    20 |    24 |    19 |    35 ||    98
       Bite              |     2 |       |       |     6 ||     8
 Cast: Flame Tongue      |    62 |   105 |   179 |   308 ||   654
       Throw Flame       |     7 |    25 |    53 |    67 ||   152
       Freeze            |       |    13 |    32 |    39 ||    84
       Magic Dart        |       |       |     7 |    16 ||    23
       Sticky Flame      |       |       |    10 |    90 ||   100
       Fireball          |       |       |       |   114 ||   114
Evoke: Wand              |       |       |       |     9 ||     9
  Use: Scroll            |       |    12 |    10 |    11 ||    33
       Potion            |       |     5 |     1 |     6 ||    12
 Stab: Sleeping          |     6 |     6 |    15 |    15 ||    42
       Distracted        |       |     1 |       |       ||     1
  Eat: Chunk             |    11 |    10 |    10 |    46 ||    77
       Pizza             |       |       |       |     2 ||     2
Armor: Skin              |     3 |     8 |     8 |    14 ||    33
Dodge: Dodged            |    42 |    99 |   140 |   235 ||   516
